 Dungeon Crawl Stone Soup version 0.29.1-15-g9cfb28693d (webtiles) character file.

Game seed: 11407245463024436218

5430 Smoke131 the Fighter (level 10, -1/110 HPs)
             Began as an Ogre Gladiator on Apr 17, 2023.
             Slain by an unseen horror (7 damage)
             ... on level 8 of the Dungeon.
             The game lasted 00:32:15 (12582 turns).

Smoke131 the Fighter (Ogre Gladiator)              Turns: 12582, Time: 00:32:15

Health: -1/110     AC:  8    Str: 24    XL:     10   Next: 67%
Magic:  10/10      EV: 10    Int:  9    God:
Gold:   463        SH:  0    Dex: 10    Spells: 9/9 levels left

rFire   . . .      SeeInvis .   a - +1 trident
rCold   . . .      Faith    .   (no shield)
rNeg    . . .      Spirit   .   x - +0 steam dragon scales
rPois   +          Reflect  .   c - +1 hat
rElec   .          Harm     .   (no cloak)
rCorr   .          Rampage  .   (gloves unavailable)
Will    +....                   (boots unavailable)
Stlth   +.........              (no amulet)
HPRegen 0.28/turn               v - +4 ring of slaying
MPRegen 0.12/turn               i - ring of poison resistance

@: no status effects
A: large, unfitting armour, tough skin 1
a: no special abilities


You were on level 8 of the Dungeon.
You visited 2 branches of the dungeon, and saw 9 of its levels.

You collected 463 gold pieces.

Inventory:

Hand Weapons
 a - a +1 trident (weapon)
Missiles
 d - 3 throwing nets (quivered)
 e - a large rock
 m - 5 curare-tipped darts
 t - 19 poisoned darts
Armour
 c - a +1 hat (worn)
 x - +0 steam dragon scales (worn)
Jewellery
 h - a ring of fire
 i - a ring of poison resistance (right hand)
 v - a +4 ring of slaying (left hand)
Wands
 j - a wand of paralysis (25)
 y - a wand of mindburst (22)
 C - a wand of flame (20)
Scrolls
 l - 2 scrolls of magic mapping
 n - a scroll of summoning {unknown}
 r - 3 scrolls of enchant weapon
 s - 2 scrolls of vulnerability {unknown}
 w - 2 scrolls of fear {unknown}
 A - a scroll of poison {unknown}
 D - a scroll of silence {unknown}
Potions
 f - a potion of lignification
 o - 2 potions of mutation
 p - 5 potions of curing
 u - a potion of cancellation
 z - 2 potions of might


   Skills:
 - Level 10.0 Fighting
 + Level 9.2 Polearms
 + Level 9.2 Throwing
 + Level 4.6 Armour
 - Level 3.0 Dodging


You had 9 spell levels left.
You didn't know any spells.
Your spell library contained the following spells:

 Spells                   Type           Power      Damage    Failure   Level
 Slow                     Hex            0%         N/A       38%         1
 Call Canine Familiar     Summ           0%         N/A       77%         3
 Confusing Touch          Hex            0%         N/A       77%         3
 Portal Projectile        Hex/Tloc       0%         N/A       77%         3
 Tukima's Dance           Hex            0%         N/A       77%         3
 Vampiric Draining        Necr           0%         2d6       77%         3
 Hailstorm                Conj/Ice       0%         3d3       99%         4
 Summon Ice Beast         Ice/Summ       0%         N/A       99%         4
 Blade Hands              Tmut           0%         N/A       100%        5
 Summon Forest            Summ/Tloc      0%         N/A       100%        5
 Summon Mana Viper        Hex/Summ       0%         N/A       100%        5
 Statue Form              Tmut/Erth      0%         N/A       100%        6
 Summon Cactus Giant      Summ           0%         N/A       100%        6
 Chain Lightning          Conj/Air       0%         N/A       100%        9


Dungeon Overview and Level Annotations

Branches:
Dungeon (8/15)             Temple (1/1) D:5
   Lair: D:8-11

Altars:
Ashenzari
Cheibriados
Dithmenos
Elyvilon
Fedhas
Gozag
Hepliaklqana
Kikubaaqudgha
Makhleb
Qazlal
Ru
Sif Muna
Trog
Uskayaw
Vehumet
Wu Jian
Xom
Yredelemnul
Zin
The Shining One

Shops:
D:1 (   D:4 [   D:7 *


Innate Abilities, Weirdness & Mutations

You are too large for most types of armour.
You have tough skin. (AC +1)


Message History

Something hits you. Something hits you. Something hits you but does no damage.
You miss something. Something hits you. Something hits you but does no damage.
Something hits you but does no damage. Something hits you but does no damage.
Something hits you. Something hits you! x2
Something hits you. x2
Something completely misses you. Something hits you. x3
Something hits you!
You closely miss something. Something completely misses you.
Something hits you but does no damage.
You completely miss something. Something hits you but does no damage.
Something hits you.
You puncture something! Something hits you.
You closely miss something. Something hits you. Something hits you. x2
You hit something. Something hits you!
* * * LOW HITPOINT WARNING * * *
You miss something. Something hits you.
* * * LOW HITPOINT WARNING * * *
Something hits you.
* * * LOW HITPOINT WARNING * * *
You miss something. Something hits you.
* * * LOW HITPOINT WARNING * * *
Something hits you but does no damage. Something hits you but does no damage.
Something hits you.
* * * LOW HITPOINT WARNING * * *
Something hits you.
* * * LOW HITPOINT WARNING * * *
Something hits you but does no damage. Something hits you!
* * * LOW HITPOINT WARNING * * *
Something hits you but does no damage.
Items here: ))))) [[[.
Something hits you!
You die...

#.# ###.####.#....#####u.#. #.#
##...)##..#.#### #hy.## ###.#
#...#.#..#..# #..# ###...#
#...#......## #.h. #...###
#.......######## #..# ##.###
###........[...##... ...#
##...#{######..### .###
###...>#{# ##...### .# #...o.##@#
###...### .#
#.#.####.############).## .#
#.#.#.....>#.............
.########....................)...
........o.......................#
)......†........................#
................................#
................................#
...........................######


There were no monsters in sight!

Vanquished Creatures
  A hydra (D:7)
  Amaemon (D:8)
  An orange demon (D:8)
  2 yaks (D:8)
  3 wyverns (D:8)
  Eustachio (D:5)
  3 steam dragons
  A water moccasin (D:5)
  3 ice beasts
  An orc warrior (D:6)
  3 black bears
  3 ogres
  A centaur (D:8)
  A phantom (D:4)
  4 bullfrogs
  2 kobold brigands
  A necrophage (D:8)
  3 scorpions
  5 wights (D:7)
  2 howler monkeys
  A jelly (D:5)
  4 orc priests
  2 hounds
  2 gnoll boudas (D:6)
  5 orc wizards
  7 gnolls
  6 adders
  2 worms (D:2)
  2 dart slugs
  20 orcs
  6 endoplasms
  2 giant cockroaches
  12 hobgoblins
  5 quokkas
  4 ball pythons
  4 bats
  3 frilled lizards
  9 goblins
  13 kobolds
  10 rats
161 creatures vanquished.

Notes
Turn   | Place    | Note
-------+----------+-------------------------------------------
     0 | D:1      | Smoke131 the Ogre Gladiator began the quest for the Orb.
     0 | D:1      | Reached XP level 1. HP: 22/22 MP: 1/1
   301 | D:1      | Reached skill level 3 in Fighting
   343 | D:1      | Reached XP level 2. HP: 31/31 MP: 2/2
   352 | D:1      | Found Paackeh's Weapon Emporium.
   389 | D:1      | HP: 1/31 [quokka (2)]
   957 | D:1      | Reached XP level 3. HP: 37/37 MP: 3/3
  1414 | D:1      | Found a faded altar of an unknown god.
  2024 | D:2      | Reached XP level 4. HP: 45/48 MP: 4/4
  2435 | D:2      | Reached skill level 4 in Fighting
  2507 | D:2      | Got the Precepts of the Variable Congregation
  3007 | D:3      | Found a radiant altar of Vehumet.
  3378 | D:3      | Reached XP level 5. HP: 51/54 MP: 5/5
  3848 | D:4      | Found Zefabax's Antique Armour Shop.
  3893 | D:4      | Noticed a phantom
  3906 | D:4      | Killed a phantom
  4027 | D:4      | Noticed a black bear
  4029 | D:4      | Killed a black bear
  4030 | D:4      | Reached skill level 5 in Fighting
  4030 | D:4      | Reached XP level 6. HP: 63/66 MP: 6/6
  4261 | D:4      | Got Syiw's Omnibus of Bolts
  4453 | D:4      | Reached XP level 7. HP: 68/74 MP: 7/7
  4649 | D:5      | Entered Level 5 of the Dungeon
  4743 | D:5      | Reached skill level 6 in Fighting
  4743 | D:5      | Reached skill level 5 in Polearms
  5042 | D:5      | Reached skill level 5 in Throwing
  5427 | D:5      | Found a staircase to the Ecumenical Temple.
  5433 | Temple   | Entered the Ecumenical Temple
  5661 | D:5      | Noticed Eustachio
  5689 | D:5      | Killed Eustachio
  5690 | D:5      | Reached skill level 7 in Fighting
  5690 | D:5      | Reached XP level 8. HP: 44/87 MP: 8/8
  6758 | D:6      | Reached skill level 8 in Fighting
  7629 | D:6      | Identified the +2 leather armour "Vusunirr" {rElec rCorr
                  | Int-4 Dex-5}
  8085 | D:7      | Reached XP level 9. HP: 59/97 MP: 9/9
  8345 | D:7      | Reached skill level 9 in Fighting
  8393 | D:7      | Reached skill level 1 in Armour
  8942 | D:7      | Noticed an eight-headed hydra
  9324 | D:7      | Found Xouroun's Gadget Gallery.
 10061 | D:7      | Killed an eight-headed hydra
 10062 | D:7      | Reached skill level 10 in Fighting
 10133 | D:8      | Reached XP level 10. HP: 50/110 MP: 10/10
 10356 | D:8      | Noticed an orange demon
 10356 | D:8      | Noticed Amaemon
 10451 | D:8      | Killed Amaemon
 10772 | D:8      | Killed an orange demon
 11996 | D:8      | Noticed a green ugly thing
 12052 | D:8      | HP: 4/110 [something (2)]
 12580 | D:8      | HP: 5/110 [something (9)]
 12582 | D:8      | Slain by an unseen horror

Illustrated notes

Levels and vault maps discovered:
D:1:      dpeg_arrival_arbitrary_b, layout_basic, serial_shops,
          nicolae_shop_statue_plus, ebering_ecumenical_altar_sacrificial,
          minmay_unequal
D:2:      layout_rooms
D:3:      layout_loops_corners, nicolae_vehumet_radiance
D:4:      layout_loops_ring, serial_shops, nicolae_shop_trees
D:5:      layout_loops_ring, minmay_temple_entry_hall, uniq_eustachio
D:6:      layout_loops_ring, corexii_leaking_fountain,
          kennysheep_generic_room_10
D:7:      layout_basic, nicolae_shop_gadgets
D:8:      minmay_slanted_spiral_squares, layout_rooms, uniq_amaemon
Temple:   hellmonk_temple_of_storms

Skill      XL: |  1  2  3  4  5  6  7  8  9 10 |
---------------+-------------------------------+-----
Fighting       | 3 4 5 7 8 10 | 10.0
Dodging        | 3 |  3.0
Throwing       | 3 4 5 6 8 9 |  9.2
Polearms       | 4 5 7 8 9 |  9.2
Armour         | 3 4 |  4.6

Action                   |  1- 3 |  4- 6 |  7- 9 | 10-12 || total
-------------------------+-------+-------+-------+-------++-------
Melee: Trident           |   133 |   141 |   195 |   123 ||   592
       Punch             |     1 |     1 |     3 |     4 ||     9
Throw: Dart              |     2 |     2 |    81 |    16 ||   101
       Large rock        |       |     2 |     1 |       ||     3
Evoke: Wand              |       |     4 |     5 |     4 ||    13
  Use: Scroll            |       |     8 |     3 |     2 ||    13
       Potion            |       |       |       |     3 ||     3
 Stab: Paralysed         |       |     8 |     8 |     8 ||    24
Armor: Robe              |    46 |    40 |    23 |       ||   109
       Steam dragon scal |       |       |    29 |    67 ||    96
Dodge: Dodged            |   103 |    81 |    87 |    50 ||   321
